 Dungeon Crawl Stone Soup version 0.29.1-12-g30fa7ad0bf (webtiles) character file.

Game seed: 7680938971294160960

9667 enclume the Protected (level 11, -2/102 HPs)
             Began as a Minotaur Fighter on Jan 18, 2023.
             Was a Priest of Trog.
             Slain by an orc knight
             ... wielding a +3 glaive
              (6 damage)
             ... on level 10 of the Dungeon.
             The game lasted 00:38:45 (11144 turns).

enclume the Protected (Minotaur Fighter)           Turns: 11144, Time: 00:38:46

Health: -2/102     AC: 24    Str: 25    XL:     11   Next: 26%
Magic:  10/10      EV:  8    Int:  5    God:    Trog [***...]
Gold:   615        SH:  6    Dex: 16    Spells: 10/10 levels left

rFire   + . .      SeeInvis .   y - +9 lance "Wyrmbane" {slay drac, rPois rF+ rC+ AC+3}
rCold   + + .      Faith    .   c - +1 buckler
rNeg    . . .      Spirit   .   l - +6 plate armour
rPois   +          Reflect  .   (helmet restricted)
rElec   .          Harm     .   m - scarf {shadows}
rCorr   .          Rampage  .   (no gloves)
Will    .....                   (no boots)
Stlth   ..........              (no amulet)
HPRegen 0.27/turn               n - +6 ring of dexterity
MPRegen 0.12/turn               s - ring of protection from cold

@: no status effects
A: horns 2, retaliatory headbutt
a: Renounce Religion, Berserk, Trog's Hand


You were on level 10 of the Dungeon.
You worshipped Trog.
Trog was most pleased with you.
You visited 2 branches of the dungeon, and saw 11 of its levels.

You collected 615 gold pieces.

Inventory:

Hand Weapons
 y - the +9 lance "Wyrmbane" (weapon) {slay drac, rPois rF+ rC+ AC+3}
   (You took it off Maggie on level 8 of the Dungeon)

   It inflicts extra damage against dragons and draconians.
   AC:        It affects your AC (+3).
   rF:        It protects you from fire.
   rC:        It protects you from cold.
   rPois:     It protects you from poison.
 C - the +7 dagger of Megalomania {vamp, Str+3}
   (You took it off an orc on level 9 of the Dungeon)

   It occasionally heals its wielder for a portion of the damage dealt when it
   wounds a living foe.
   Str:       It affects your strength (+3).
Missiles
 r - 3 boomerangs of dispersal (quivered)
Armour
 c - a +1 buckler (worn)
 l - a +6 plate armour (worn)
 m - a scarf of shadows (worn)
Jewellery
 n - a +6 ring of dexterity (left hand)
 s - a ring of protection from cold (right hand)
Wands
 b - a wand of flame (17)
 i - a wand of polymorph (20)
 q - a wand of paralysis (1)
 u - a wand of iceblast (13)
 x - a wand of quicksilver (8)
 A - a wand of mindburst (4)
Scrolls
 d - a scroll of poison
 t - a scroll of immolation {unknown}
 v - a scroll of magic mapping
 z - a scroll of brand weapon {unknown}
Potions
 a - a potion of resistance {unknown}
 e - 2 potions of curing
 f - a potion of cancellation {unknown}
 g - a potion of lignification
 h - 4 potions of flight
 j - a potion of haste
 k - 2 potions of brilliance
 p - 2 potions of invisibility {unknown}
 B - a potion of magic {unknown}


   Skills:
 + Level 11.4 Fighting
 - Level 9.1 Maces & Flails
 + Level 10.5 Polearms
 + Level 11.8 Armour
 - Level 1.5 Dodging
 - Level 5.3 Shields


You had 10 spell levels left.
You didn't know any spells.
Your spell library contained the following spells:

 Spells                   Type           Power      Damage    Failure   Level
 Apportation              Tloc           0%         N/A       99%         1
 Foxfire                  Conj/Fire      0%         2x1d4     99%         1
 Freeze                   Ice            0%         1d3       99%         1
 Necrotise                Necr           0%         1d4       99%         1
 Summon Small Mammal      Summ           0%         N/A       99%         1
 Ensorcelled Hibernation  Hex/Ice        0%         N/A       100%        2
 Passwall                 Tmut/Erth      0%         N/A       100%        2
 Call Canine Familiar     Summ           0%         N/A       100%        3
 Conjure Flame            Conj/Fire      0%         6-21      100%        3
 Frozen Ramparts          Ice            0%         1d1       100%        3
 Inner Flame              Hex/Fire       0%         N/A       100%        3
 Summon Guardian Golem    Hex/Summ       0%         N/A       100%        3
 Swiftness                Air            0%         N/A       100%        3
 Airstrike                Air            0%         2d(0-16)  100%        4
 Flame Wave               Conj/Fire      0%         2d4       100%        4
 Hailstorm                Conj/Ice       0%         3d3       100%        4
 Summon Lightning Spire   Summ/Air       0%         N/A       100%        4
 Lightning Bolt           Conj/Air       0%         1d11      100%        5


Dungeon Overview and Level Annotations

Branches:
Dungeon (10/15)            Temple (0/1) D:6            Lair (1/5) D:9
    Orc (0/2) D:10

Altars:
Dithmenos
Nemelex Xobeh
Qazlal
Sif Muna
Trog
Uskayaw
Yredelemnul
Zin

Shops:
D:5 :   D:7 [

Annotations:
D:6 3 runed translucent doors, Wanderer2's ghost, novice OpHW; Zantyr's ghost, novice GnWn; Zippel's ghost, novice DESu


Innate Abilities, Weirdness & Mutations

You have a pair of horns on your head.
You reflexively headbutt those who attack you in melee.


Message History

You puncture the orc priest!
The orc priest is severely wounded.
The orc priest hits you but does no damage.
You puncture the orc priest!
You kill the orc priest!
Trog accepts your kill.
The orc knight roars a battlecry!
The orc goes into a battle-frenzy!
You block the orc knight's attack.
Things that are here:
a +0 hand axe; an orc corpse You hit the orc knight.
The orc knight is lightly wounded.
You hit the orc knight.
The orc knight is lightly wounded.
The orc knight barely misses you.
You puncture the orc knight!
The orc knight is moderately wounded.
The orc closely misses you. You furiously retaliate!
You headbutt the orc!
You kill the orc!
Trog accepts your kill. The orc knight barely misses you.
You furiously retaliate!
You headbutt the orc knight, but do no damage.
You hit the orc knight but do no damage.
The orc knight is moderately wounded.
You puncture the orc knight!
You headbutt the orc knight, but do no damage.
The orc knight is heavily wounded.
The orc knight hits you but does no damage.
You hit the orc knight.
The orc knight is severely wounded.
The orc knight hits you with a +3 glaive!
* * * LOW HITPOINT WARNING * * *
A gnoll sergeant comes into view. It is wielding a +0 vorpal trident.
You puncture the orc knight!
The orc knight is almost dead.
You closely miss the orc knight.
The orc knight is almost dead.
The orc knight hits you with a +3 glaive.
You die...

#.......#*****#.g.....#
#(......# #.......# *
#.......# #.......# *
#.....<.#####*#.......# *
#............,.?....>.###
#............,........oo.
#.......g###############o
#.......o)...........))))
#.......@............##8o
#.......))........>..#o.o
#.........).......####.oo
#.#...............# #..o
#.#...............####...
*....................#...
#....#######.........####
#.##.* *,,#..##...#...##
#.,..*****,#.............


You could see an orc knight and a gnoll sergeant.

Vanquished Creatures
  A two-headed ogre (D:9)
  A tengu warrior (D:9)
  Pikel (D:7)
  A black mamba (Lair:1)
  Maggie (D:8)
  A komodo dragon (Lair:1)
  A tengu conjurer (D:9)
  Grinder (D:4)
  5 wyverns
  7 yaks
  Eustachio (D:4)
  2 basilisks (D:9)
  A steam dragon (D:8)
  Edmund (D:5)
  An acid dragon (D:9)
  7 water moccasins
  4 sky beasts
  4 orc warriors (D:10)
  A black bear (D:6)
  2 ogres (D:5)
  A phantom (D:6)
  3 lemures (D:7)
  3 kobold brigands
  3 bullfrogs
  A necrophage (D:6)
  8 scorpions (D:6)
  2 jellies
  6 killer bees
  An electric eel (Lair:1)
  6 howler monkeys
  5 orc priests
  6 hounds
  4 iguanas
  7 orc wizards
  2 gnolls (D:10)
  5 adders
  5 white imps
  3 ufetubi
  2 worms
  46 orcs
  6 bats
  10 endoplasms
  7 giant cockroaches
  4 hobgoblins
  6 jackals
  25 kobolds
  6 quokkas
  6 ball pythons
  A frilled lizard (D:3)
  4 goblins
  6 rats
  2 butterflies (D:6)
246 creatures vanquished.

Vanquished Creatures (others)
  Psyche (D:8)
  An orc wizard (D:7)
  A bush (D:9)
  9 fungi
  22 plants
  4 withered plants (D:6)
38 creatures vanquished.

Grand Total: 284 creatures vanquished

Notes
Turn   | Place    | Note
-------+----------+-------------------------------------------
     0 | D:1      | enclume the Minotaur Fighter began the quest for the Orb.
     0 | D:1      | Reached XP level 1. HP: 19/19 MP: 0/0
   337 | D:1      | Found a faded altar of an unknown god.
   342 | D:1      | Reached XP level 2. HP: 25/27 MP: 1/1
  1141 | D:2      | Reached XP level 3. HP: 27/33 MP: 2/2
  1286 | D:2      | Reached skill level 1 in Dodging
  2183 | D:3      | Reached XP level 4. HP: 40/40 MP: 3/3
  2485 | D:3      | Found a sparkling altar of Nemelex Xobeh.
  2769 | D:4      | Noticed Eustachio
  2770 | D:4      | Reached XP level 5. HP: 39/47 MP: 4/4
  2774 | D:4      | Reached skill level 5 in Armour
  2938 | D:4      | Killed Eustachio
  2939 | D:4      | Reached skill level 5 in Polearms
  2939 | D:4      | Reached XP level 6. HP: 46/55 MP: 5/5
  3007 | D:4      | Reached skill level 5 in Fighting
  3614 | D:4      | Noticed Grinder
  3630 | D:4      | Paralysed by Grinder for 5 turns
  3640 | D:4      | Killed Grinder
  3641 | D:4      | Reached XP level 7. HP: 20/61 MP: 6/6
  3912 | D:5      | Entered Level 5 of the Dungeon
  4223 | D:5      | Found Osisome's Book Shop.
  4546 | D:5      | Noticed Edmund
  4572 | D:5      | Killed Edmund
  4573 | D:5      | Reached skill level 5 in Shields
  4899 | D:5      | Found a hide-covered altar of Uskayaw.
  4972 | D:5      | Reached XP level 8. HP: 27/70 MP: 7/7
  5378 | D:5      | Reached skill level 1 in Maces & Flails
  5419 | D:5      | Found a basalt altar of Yredelemnul.
  5615 | D:6      | Found a bloodstained altar of Trog.
  5627 | D:6      | Became a worshipper of Trog the Wrathful
  5853 | D:6      | Found a runed translucent door.
  5923 | D:6      | Reached skill level 5 in Maces & Flails
  6141 | D:6      | Found a runed translucent door.
  6321 | D:6      | Reached * piety under Trog
  6380 | D:6      | Found a staircase to the Ecumenical Temple.
  6433 | D:6      | Reached XP level 9. HP: 58/79 MP: 8/8
  6565 | D:6      | Found a runed translucent gate.
  6565 | D:6      | Found a runed translucent gate.
  6565 | D:6      | Found a runed translucent gate.
  6569 | D:6      | Noticed Wanderer2's ghost (novice OpHW)
  6569 | D:6      | Noticed Zippel's ghost (novice DESu)
  6569 | D:6      | Noticed Zantyr's ghost (novice GnWn)
  7026 | D:7      | Noticed Pikel
  7030 | D:7      | Paralysed by Pikel for 5 turns
  7044 | D:7      | Killed Pikel
  7338 | D:7      | Found Ceilesio's Antique Armour Emporium.
  7731 | D:8      | Reached ** piety under Trog
  7799 | D:8      | Found a stormy altar of Qazlal.
  8005 | D:8      | Found a glowing silver altar of Zin.
  8009 | D:8      | Noticed Maggie
  8010 | D:8      | Found a shimmering blue altar of Sif Muna.
  8019 | D:8      | Killed Maggie
  8025 | D:8      | Found a faded altar of an unknown god.
  8027 | D:8      | Found a faded altar of an unknown god.
  8036 | D:8      | Found a shadowy altar of Dithmenos.
  8190 | D:8      | Reached XP level 10. HP: 90/90 MP: 9/9
  8205 | D:8      | Noticed Psyche
  8223 | D:8      | Killed Psyche
  8679 | D:9      | Identified the +7 dagger of Megalomania {vamp, Str+3}
  8718 | D:9      | Reached skill level 10 in Armour
  8754 | D:9      | Found a staircase to the Lair.
  9003 | D:9      | Noticed a two-headed ogre
  9010 | D:9      | Killed a two-headed ogre
  9011 | D:9      | Reached skill level 10 in Fighting
  9239 | D:9      | Noticed a tengu warrior
  9264 | D:9      | Killed a tengu warrior
  9523 | D:9      | Reached *** piety under Trog
  9697 | Lair:1   | Entered Level 1 of the Lair of Beasts
  9721 | Lair:1   | Noticed a black mamba
  9730 | Lair:1   | Killed a black mamba
  9731 | Lair:1   | Reached XP level 11. HP: 75/101 MP: 10/10
  9954 | Lair:1   | Reached skill level 10 in Polearms
 10660 | D:10     | Entered Level 10 of the Dungeon
 11007 | D:10     | Found a staircase to the Orcish Mines.
 11021 | D:10     | Noticed an orc knight
 11142 | D:10     | HP: 3/102 [orc knight/+3 glaive (9)]
 11144 | D:10     | Slain by an orc knight

Illustrated notes

Levels and vault maps discovered:
D:1:      dpeg_arrival_boxorama, layout_rooms,
          dreamdust_ecumenical_altar_hidden_monk_grotto
D:2:      layout_loops_cross, serial_glass, glass_columns_a, glass_columns_a,
          glass_columns_a, glass_columns_a, kennysheep_path_1
D:3:      layout_rooms, nemelex_altar_shiori, dreamdust_mushroom_princess,
          minmay_misc_feat_x
D:4:      layout_basic, uniq_grinder, uniq_eustachio
D:5:      layout_gridville, mainiacjoe_overflow_concentric_impassable,
          marbit_many_paths, serial_shops, shop, uniq_edmund
D:6:      lemuel_insect_pit, layout_basic, trog_book,
          minmay_temple_entry_mini_moons, gammafunk_ghost_cemetery
D:7:      layout_basic, serial_shops, shop, uniq_pikel
D:8:      layout_rooms, mainiacjoe_overflow_cross_hatched,
          chequers_temple_overflow_minitemple, uniq_psyche, uniq_maggie
D:9:      layout_roguey, minmay_lair_entry_grove
D:10:     layout_stronghold, david_orc_5
Lair:1:   layout_concentric_octagons, serial_bayou_crossing,
          infiniplex_staircase_pool

Skill      XL: |  1  2  3  4  5  6  7  8  9 10 11 |
---------------+----------------------------------+-----
Shields        | 4 5 |  5.3
Fighting       | 4 5 6 7 8 10 11 | 11.4
Polearms       | 3 5 6 7 9 10 | 10.5
Dodging        | 1 |  1.5
Armour         | 4 5 6 8 9 11 | 11.8
Maces & Flails | 5 9 |  9.1

Action                   |  1- 3 |  4- 6 |  7- 9 | 10-12 || total
-------------------------+-------+-------+-------+-------++-------
Melee: Trident           |   105 |    76 |    64 |       ||   245
       Headbutt          |    11 |    13 |    71 |    37 ||   132
       Flail             |       |       |   311 |       ||   311
       Lance             |       |       |     3 |   220 ||   223
       Unarmed           |       |       |       |     5 ||     5
  Use: Scroll            |     4 |     4 |     6 |     3 ||    17
       Potion            |       |       |     3 |     2 ||     5
Armor: Scale mail        |    64 |     3 |       |       ||    67
       Plate armour      |       |    41 |   298 |   120 ||   459
       Skin              |       |       |       |     2 ||     2
Dodge: Dodged            |    51 |    18 |   124 |    55 ||   248
Block: Buckler           |    27 |    21 |   126 |    48 ||   222
